 Dungeon Crawl Stone Soup version 0.30-a0-583-g19bae12e61 (webtiles) character file.

Game seed: 17397538681143407879

245 Citaku the Covered (level 6, -22/44 HPs)
             Began as a Human Wanderer on Jan 1, 2023.
             Was an Initiate of Okawaru.
             Killed from afar by an acid blob (27 damage)
             ... with a splash of acid
             ... created by the all-consuming vengeance of Jiyva
             ... on level 4 of the Dungeon.
             The game lasted 00:14:05 (3266 turns).

Citaku the Covered (Human Wanderer)                 Turns: 3266, Time: 00:14:05

Health: -22/44     AC: -4    Str: 12    XL:     6   Next: 32%
Magic:  0/7        EV: 19    Int: 14    God:    Okawaru [......]
Gold:   64         SH:  0    Dex: 18    Spells: 6/7 levels left

rFire   . . .      SeeInvis .      - Unarmed
rCold   . . .      Faith    .    (shield currently unavailable)
rNeg    . . .      Spirit   .    (body armour currently unavailable)
rPois   .          Reflect  .    (helmet currently unavailable)
rElec   .          Harm     .    (cloak currently unavailable)
rCorr   .          Rampage  .    (gloves currently unavailable)
Will    .....                    (boots currently unavailable)
Stlth   ++                       (no amulet)
HPRegen 0.27/turn                (ring currently unavailable)
MPRegen 0.10/turn                (ring currently unavailable)

@: bat-form, corroded, flying, unable to drink, very quick
A: fast, flying, no casting, tiny, sense surroundings 3, inability to drink
after injury 1
a: Renounce Religion


You were on level 4 of the Dungeon.
You worshipped Okawaru.
Okawaru was noncommittal.
You were a bat.
You visited 1 branch of the dungeon, and saw 4 of its levels.

You collected 142 gold pieces.
You spent 78 gold pieces at shops.

Inventory:

Hand Weapons
 d - the +5 war axe of Yrchycato (melded) {drain, rF++ Int-2 Stlth+}
   (You found it on level 4 of the Dungeon)

   A truly terrible weapon, it drains the life of any living foe it strikes.
   Int:       It affects your intelligence (-2).
   rF:        It greatly protects you from fire.
   Stlth:     It makes you more stealthy.
 k - a +4 quarterstaff of chaos
Armour
 b - a +0 scale mail (melded)
 f - a +1 pair of gloves (melded)
 h - a +0 pair of boots (melded)
Jewellery
 e - a ring of ice (melded)
 g - a +6 ring of intelligence (melded)
Wands
 l - a wand of acid (10)
Scrolls
 c - 2 scrolls of teleportation
 i - 2 scrolls of immolation
 o - a scroll of identify
Potions
 a - a potion of attraction
 j - 3 potions of curing
 m - a potion of brilliance
 n - a potion of mutation {unknown}


   Skills:
 * Level 2.0 Fighting
 + Level 1.3 Short Blades
 + Level 0.1 Staves
 * Level 5.0 Armour
 + Level 1.7 Dodging
 + Level 2.0 Unarmed Combat
 + Level 1.0 Spellcasting
 + Level 2.0 Air Magic
 + Level 2.3 Evocations


You had 6 spell levels left.
You knew the following spells:

 Your Spells              Type           Power      Damage    Failure   Level
a - Shock                 Conj/Air       12%        1d3       17%         1

Your spell library contained the following spells:

 Spells                   Type           Power      Damage    Failure   Level
 Cigotuvi's Dreadful Rot  Necr/Pois/Air  4%         N/A       30%         2
 Vhi's Electric Charge    Tloc/Air       6%         N/A       45%         3


Dungeon Overview and Level Annotations

Branches:
Dungeon (4/15)
 Temple: D:4-7

Altars:
Dithmenos
Okawaru
Qazlal
Jiyva

Shops:
D:4 *


Innate Abilities, Weirdness & Mutations

You are a bat.
You are tiny and dextrous.
You move quickly.
You are flying.
Your equipment is almost entirely melded.
You are incapable of wielding weapons or throwing items.
You cannot cast spells.
You passively map a large area around you.
You occasionally lose the ability to drink potions when taking damage.


Message History

You hit the kobold.
You kill the kobold!
Okawaru accepts your kill.
Items here: ( ) ††.
Items here: ( ) ††.
Okay, then.
Items here: ( ) ††.
There is an open door here.
You open the door.
There is an open door here.
As you open the door, it creaks loudly! Mutagenic energy floods into your body!
You turn into a bat.
The +5 war axe of Yrchycato {drain, rF++ Int-2 Stlth+} melds into your body.
Your +1 pair of gloves melds into your body.
Your +0 pair of boots melds into your body.
Your +0 scale mail melds into your body.
Your ring of ice melds into your body.
Your +6 ring of intelligence melds into your body.
You feel stupid.
Some slimes ooze up out of the ground!
A quicksilver ooze and an acid blob come into view.
The acid blob spits acid at you. The splash of acid hits you!
The acid corrodes you! The quicksilver ooze hits you!
The quicksilver ooze engulfs you!
The quicksilver ooze closely misses you.
You slip free of the ooze engulfing you.
You gasp with relief as air once again reaches your lungs.
The quicksilver ooze closely misses you.
The quicksilver ooze misses you. The quicksilver ooze hits you!
You feel threatened and lose the ability to drink potions!
* * * LOW HITPOINT WARNING * * *
The quicksilver ooze hits you.
* * * LOW HITPOINT WARNING * * *
You feel your power leaking away. The acid blob spits acid at you.
The splash of acid hits you!!
Ouch! That really hurt!
You die...

.............##.................#
#............##.................#
####.........##........##########
...'.........#####.....#
####.........# #.....#
.............# ##J....#
.##..........# ##......#
.##..........# #J.######
.##.############b## .##.# #.....#
.##.# ####.########### .##.#
#....# #......# .##.#####.####
#......# ###.##....#
#......########## ###.##.####
#......'......... ..#.##....###
#......########## #...........###
#......#


You could see an acid blob and a quicksilver ooze.

Vanquished Creatures
  A scorpion (D:4)
  2 hounds (D:4)
  Crazy Yiuf (D:3)
  An iguana (D:4)
  4 adders (D:2)
  A worm (D:2)
  A dart slug (D:4)
  An orc (D:4)
  A bat (D:1)
  A giant cockroach (D:1)
  A goblin (D:3)
  5 hobgoblins
  6 jackals
  5 kobolds
  A quokka (D:1)
  4 ball pythons
  A frilled lizard (D:2)
  4 rats
41 creatures vanquished.

Vanquished Creatures (others)
  An adder (D:3)
  An endoplasm (D:4)
  A goblin (D:3)
  2 quokkas
  A frilled lizard (D:2)
  2 rats
  A fungus (D:3)
  9 plants (D:1)
  13 withered plants (D:1)
31 creatures vanquished.

Grand Total: 72 creatures vanquished

Notes
Turn   | Place    | Note
-------+----------+-------------------------------------------
     0 | D:1      | Citaku the Human Wanderer began the quest for the Orb.
     0 | D:1      | Citaku set off with the following items: a +0 dagger, a +0
                  | scale mail, 2 scrolls of teleportation; and the following
                  | spell memorised: Shock; and the following spells available
                  | to memorise: Cigotuvi's Dreadful Rot, Vhi's Electric
                  | Charge.
     0 | D:1      | Reached XP level 1. HP: 15/15 MP: 2/2
   393 | D:1      | Reached XP level 2. HP: 21/21 MP: 3/3
   427 | D:1      | Found a faded altar of an unknown god.
   542 | D:1      | Prayed at the altar of an unknown god.
   542 | D:1      | Became a worshipper of Jiyva Jeze the Shapeless
   542 | D:1      | Reached * piety under Jiyva
  1165 | D:2      | Reached XP level 3. HP: 20/26 MP: 4/4
  1191 | D:2      | Reached skill level 3 in Armour
  1219 | D:2      | Reached ** piety under Jiyva
  1300 | D:2      | Reached XP level 4. HP: 32/32 MP: 5/5
  1580 | D:3      | Found a runed translucent door.
  1581 | D:3      | Noticed Crazy Yiuf
  1776 | D:3      | Reached *** piety under Jiyva
  1824 | D:3      | Found the +3 robe of Clouds {*Thunder rCloud rElec}
  1990 | D:3      | Killed Crazy Yiuf
  1991 | D:3      | Reached skill level 1 in Dodging
  2081 | D:4      | Reached skill level 1 in Short Blades
  2101 | D:4      | Gained mutation: Your melee attacks may engulf your foes in
                  | ooze. [Jiyva's grace]
  2101 | D:4      | Gained mutation: You passively map a small area around you.
                  | [Jiyva's grace]
  2101 | D:4      | Gained mutation: You passively map the area around you.
                  | [Jiyva's grace]
  2101 | D:4      | Gained mutation: You passively map a large area around you.
                  | [Jiyva's grace]
  2108 | D:4      | Found an iron altar of Okawaru.
  2109 | D:4      | Found a shadowy altar of Dithmenos.
  2111 | D:4      | Found a stormy altar of Qazlal.
  2133 | D:4      | Fell from the grace of Jiyva
  2133 | D:4      | Became a worshipper of Warmaster Okawaru
  2154 | D:4      | Reached XP level 5. HP: 32/37 MP: 6/6
  2155 | D:4      | Reached skill level 4 in Armour
  2373 | D:4      | Found Limiti's General Store.
  2383 | D:4      | Identified the +5 war axe of Yrchycato {drain, rF++ Int-2
                  | Stlth+}
  2395 | D:4      | Bought 2 potions of curing for 78 gold pieces
  2744 | D:4      | Reached XP level 6. HP: 27/44 MP: 7/7
  2833 | D:4      | Lost mutation: Your melee attacks may engulf your foes in
                  | ooze. [the all-consuming vengeance of Jiyva]
  2841 | D:4      | Gained mutation: You occasionally lose the ability to drink
                  | potions when taking damage. [mutagenic glow]
  3002 | D:4      | Reached skill level 5 in Armour
  3254 | D:4      | Noticed a quicksilver ooze
  3254 | D:4      | Noticed an acid blob
  3266 | D:4      | Killed from afar by an acid blob

Illustrated notes

Levels and vault maps discovered:
D:1:      tarquinn_simple_flora_water_d, layout_rooms,
          shapermc_ecumenical_altar_flowoftime, chequers_decorated_corner
D:2:      layout_basic, serial_park_tiny_1, chequers_garden
D:3:      layout_rooms, uniq_crazy_yiuf_cottage
D:4:      layout_basic, grunt_temple_overflow_open, serial_shops,
          nicolae_stop_n_shop_2

Skill      XL: |  1  2  3  4  5  6 |
---------------+-------------------+-----
Armour         | 3 4 5 |  5.0
Dodging        | 1 |  1.7
Short Blades   | 1 |  1.3
Fighting       | 2 |  2.0
Staves         | |  0.1
Unarmed Combat | |  2.0
Spellcasting   | |  1.0
Air Magic      | |  2.0
Evocations     | |  2.3

Action                   |  1- 3 |  4- 6 || total
-------------------------+-------+-------++-------
Melee: Dagger            |   277 |    30 ||   307
       Punch             |     9 |       ||     9
       Quarterstaff      |       |     9 ||     9
       War axe           |       |    20 ||    20
Invok: Oozemancy         |       |     1 ||     1
  Use: Scroll            |     4 |     2 ||     6
       Potion            |       |     4 ||     4
Armor: Scale mail        |   180 |    29 ||   209
Dodge: Dodged            |   126 |    25 ||   151

Table legend: (Time is in decaauts)
 A = Elapsed time spent in this place.
 B = Non-inter-level travel time spent in this place.
 C = Inter-level travel time spent in this place.
 D = Time resting spent in this place.
 E = Time spent auto-exploring this place.
 F = Levels seen in this place.
 G = Mean time per level.
                   A        B        C        D        E       F      G
               +--------+--------+--------+--------+--------+-----+--------+
         Total |   3261 |   3261 |      0 |    296 |    837 |   4 |  815.2 |
       Dungeon |   3261 |   3261 |      0 |    296 |    837 |   4 |  815.2 |
               +--------+--------+--------+--------+--------+-----+--------+

Top non-repeatable levels by time:
     D:4: 1247 daAuts
     D:1: 926 daAuts
     D:2: 626 daAuts
     D:3: 461 daAuts
